AoeStats
← Green Assassin

Socotra

506255201Analyzed
4v4 RM · 18d ago on Sep 12, 2026· 24m 4s· 8 players
Game mode
Random Map
Map size
148×148
Population
200
Speed
Normal
Resources
Standard
Victory
Conquest
Starting age
Dark Age
Ending age
Imperial Age
RankedLock teamsTeams togetherTeam positionsShared explorationLock speedFull tech treeHidden civsTurbo modeCheats
Victory
Defeat
🇩🇪 Armenians · Germany
1222
+14
🇬🇧 Britons · United Kingdom
1185
+16
🇦🇷 Chinese · Argentina
1133
+18
🇨🇱 Mongols · Chile
1129
+18
🇨🇴 Maya · Colombia
1208
-18
🇺🇸 Magyars · United States
1179
-17
🇺🇸 Japanese · United States
1163
-16
🇩🇪 Burmese · Germany
1153
-15
ARAMIS885
11:03 Feudal Age
10:51 Loom
15:34 Castle Age
18:24 Fletching
19:31 Bodkin Arrow
20:05 Crossbowman
24:41 Ballistics
Hero
7:14 Loom
10:05 Feudal Age
10:53 Double-Bit Axe
15:05 Scale Barding Armor
Green Assassin
Andresfcc
0:27 Loom
15:33 Feudal Age
19:53 Fletching
22:49 Padded Archer Armor
Papamaci
6:10 Loom
8:59 Feudal Age
12:25 Fletching
16:35 Padded Archer Armor
Don Wea
8:42 Feudal Age
10:05 Loom
12:24 Bloodlines
17:25 Double-Bit Axe
20:17 Castle Age
18:02 Horse Collar
19:16 Forging
20:22 Scale Barding Armor
22:13 Chain Barding Armor
水泊梁山
0:27 Loom
12:25 Feudal Age
12:29 Man-at-Arms
12:59 Double-Bit Axe
14:13 Horse Collar
15:23 Arson
23:49 Castle Age
22:10 Gold Mining
22:10 Stone Mining
23:06 Scale Barding Armor
23:11 Forging
23:51 Bloodlines
24:03 Forging
Creed
11:18 Feudal Age
12:28 Horse Collar
12:34 Double-Bit Axe
17:29 Castle Age
19:05 Heavy Plow
19:16 Bow Saw
24:08 Stone Mining
Connection lost

Rejoining the realm…

Still unreachable

The connection could not be restored.

Session expired

The server has moved on; the page needs a fresh start.